 Dungeon Crawl Stone Soup version 0.16-a0-2622-gbfab2ba (webtiles) character file.

1520 ParallaxScroll the Carver (level 8, -8/68 HPs)
             Began as a Red Draconian Fighter on Nov 22, 2014.
             Was a Priest of Makhleb.
             Mangled by a red ugly thing (11 damage)
             ... on level 6 of the Dungeon.
             The game lasted 01:23:19 (7252 turns).

ParallaxScroll the Carver (Red Draconian Fighter)   Turns: 7252, Time: 01:23:19

Health: -8/68      AC:  9    Str: 18    XL:     8   Next: 54%
Magic:  12/12      EV: 10    Int: 10    God:    Makhleb [***...]
Gold:   234        SH:  9    Dex: 12    Spells: 0 memorised, 7 levels left

rFire  + . .     SeeInvis .     F - +1 scimitar
rCold  . . .     Clarity  +     (armour unavailable)
rNeg   . . .     SustAb   .     c - +0 shield
rPois  .         Gourm    .     e - +0 hat
rElec  .         Spirit   .     C - +0 cloak
rCorr  .         Warding  .     b - +0 pair of gloves
rMut   .         Stasis   .     d - +0 pair of boots
MR     +....                    v - amulet of clarity
Stlth  ..........               a - ring of protection from magic
                                o - ring of loudness (curse)

@: about to teleport, drained, somewhat resistant to hostile enchantments,
extremely unstealthy
A: breathe fire, unfitting armour, fire resistance 1, cold-blooded, AC +6
a: Breathe Fire, Minor Destruction, Lesser Servant of Makhleb, Renounce Religion


You were on level 6 of the Dungeon.
You worshipped Makhleb.
Makhleb was most pleased with you.
You were not hungry.

You visited 1 branch of the dungeon, and saw 6 of its levels.

You collected 234 gold pieces.

Inventory:

Hand weapons
 F - a +1 scimitar (weapon)
Missiles
 k - 99 stones
 s - 21 bolts
 w - 26 sling bullets
 y - 17 arrows
 B - 6 tomahawks (quivered)
Armour
 b - a +0 pair of gloves (worn)
 c - a +0 shield (worn)
 d - a +0 pair of boots (worn)
 e - a +0 hat (worn)
 C - a +0 cloak (worn)
Jewellery
 a - a ring of protection from magic (right hand)
 m - an uncursed amulet of warding
 o - a cursed ring of loudness (left hand)
 v - an amulet of clarity (around neck)
Magical devices
 i - a wand of slowing (30)
 q - a wand of random effects (21)
 z - a wand of enslavement (13)
Scrolls
 g - 2 scrolls of enchant weapon
 l - a scroll of remove curse
 n - 2 scrolls of immolation
 A - a scroll of identify
Potions
 h - a potion of flight
 j - a potion of poison {unknown}
 D - a potion of might
Comestibles
 f - 7 bread rations
 r - 5 fruits
 t - a royal jelly
 x - a slice of pizza


   Skills:
 - Level 5.0(4.8) Fighting
 * Level 9.8(9.6) Long Blades
 - Level 3.0(2.8) Dodging
 - Level 3.0(2.8) Shields
 - Level 3.0(2.9) Invocations


You had 7 spell levels left.
You didn't know any spells.

Dungeon Overview and Level Annotations

Branches:
Dungeon (6/15)
 Temple: D:4-7

Altars:
Ashenzari
Dithmenos
Elyvilon
Fedhas
Kikubaaqudgha
Makhleb
Sif Muna
Vehumet
Yredelemnul
Zin
The Shining One

Annotations:
D:4 Grinder, Sigmund


Innate Abilities, Weirdness & Mutations

You can breathe blasts of fire.
Your fiery red scales are hard (AC +6).
Your body does not fit into most forms of armour.
Your flesh is heat resistant.
Your cold-blooded metabolism reacts poorly to cold.


Message History

The red ugly thing engulfs you.
You are engulfed in flames!
You resist.
You hit the red ugly thing.
The red ugly thing is lightly wounded.
You block the red ugly thing's attack.
You hit the red ugly thing.
The red ugly thing is lightly wounded.
The red ugly thing engulfs you!
You are engulfed in flames!
You resist. The red ugly thing engulfs you!
* * * LOW HITPOINT WARNING * * *
You are engulfed in flames!
You resist.
* * * LOW HITPOINT WARNING * * *
Read which item? (? for menu, Esc to quit)
As you read the scroll labeled NEZYCL LELIARCH, it crumbles to dust.
You feel strangely unstable.
It was a scroll of teleportation.
The red ugly thing misses you.
Drink which item? (? for menu, Esc to quit)
You feel better. The red ugly thing engulfs you!
* * * LOW HITPOINT WARNING * * *
You are engulfed in flames!
You resist.
You die...

#......####.........#
..... ##.......## ....
##.....## ..# ##...##
#.# ##+## #(# #.# #.#
#.# #u# ##.##
#@#########...####
#.......#.........
#######.#.#...###.
#.#.##..P...
#.#.##..###. #.......#
#. ###.##.## #.
#.##.####.
#############....P....


You could see a red ugly thing.

Vanquished Creatures
  Eustachio (D:3)
  An orc warrior (D:6)
  A big kobold (D:6)
  2 giant frogs (D:6)
  2 scorpions
  A jelly (D:5)
  4 wights (D:6)
  4 crimson imps
  An iguana (D:6)
  2 hounds
  Natasha (thrice) (D:4)
  3 orc priests
  2 orc wizards
  3 worker ants
  A hound skeleton (D:5)
  7 gnolls
  7 adders
  A shadow imp (D:5)
  3 worms
  6 giant geckos
  4 oozes
  25 orcs
  A ball python (D:2)
  9 bats
  A bat zombie (D:6)
  10 goblins
  10 hobgoblins
  7 jackals
  19 kobolds
  3 quokkas
  4 giant cockroaches
  6 giant newts
  A giant spore (D:6)
  A jackal skeleton (D:4)
  10 rats
  8 ballistomycetes (D:6)
174 creatures vanquished.

Vanquished Creatures (others)
  A giant spore (D:6)
1 creature vanquished.

Grand Total: 175 creatures vanquished

Notes
Turn   | Place    | Note
--------------------------------------------------------------
     0 | D:1      | ParallaxScroll, the Draconian Fighter, began the quest for the Orb.
     0 | D:1      | Reached XP level 1. HP: 19/19 MP: 1/1
   171 | D:1      | Reached XP level 2. HP: 26/26 MP: 2/2
  1039 | D:1      | Reached XP level 3. HP: 25/33 MP: 3/3
  1313 | D:2      | Reached skill level 4 in Fighting
  1316 | D:2      | Found an ancient bone altar of Kikubaaqudgha.
  1725 | D:2      | Reached XP level 4. HP: 21/40 MP: 4/4
  2604 | D:3      | Found a burning altar of Makhleb.
  2618 | D:3      | Reached XP level 5. HP: 41/46 MP: 5/5
  2693 | D:3      | Became a worshipper of Makhleb the Destroyer
  2939 | D:3      | Found a shattered altar of Ashenzari.
  3406 | D:4      | Noticed Grinder
  3502 | D:4      | Noticed Eustachio
  3526 | D:3      | Killed Eustachio
  3526 | D:3      | Acquired Makhleb's first power
  3526 | D:3      | Reached skill level 6 in Long Blades
  3526 | D:3      | Reached XP level 6. HP: 31/52 MP: 6/6
  3698 | D:4      | Paralysed by Grinder for 2 turns
  3963 | D:4      | Noticed Sigmund
  4151 | D:4      | Noticed Natasha
  4165 | D:4      | Killed Natasha
  4576 | D:4      | Noticed Natasha
  4591 | D:4      | Killed Natasha
  4747 | D:4      | Noticed Natasha
  4757 | D:4      | Killed Natasha
  4836 | D:4      | Reached skill level 7 in Long Blades
  5058 | D:5      | Entered Level 5 of the Dungeon
  5337 | D:5      | Your scales start taking on a fiery red colour.
  5337 | D:5      | Gained mutation: Your flesh is heat resistant. [draconian maturity]
  5337 | D:5      | Reached XP level 7. HP: 59/59 MP: 7/7
  5453 | D:5      | Found a blossoming altar of Fedhas.
  5959 | D:5      | Reached skill level 8 in Long Blades
  6006 | D:6      | Acquired Makhleb's second power
  6395 | D:6      | Found a deep blue altar of Sif Muna.
  6396 | D:6      | Found a glowing golden altar of the Shining One.
  6396 | D:6      | Found a basalt altar of Yredelemnul.
  6397 | D:6      | Found a white marble altar of Elyvilon.
  6399 | D:6      | Found a shadowy altar of Dithmenos.
  6400 | D:6      | Found a radiant altar of Vehumet.
  6503 | D:6      | Reached skill level 1 in Invocations
  6503 | D:6      | Reached XP level 8. HP: 67/67 MP: 9/9
  6610 | D:6      | Reached skill level 9 in Long Blades
  6665 | D:6      | Acquired Makhleb's third power
  6780 | D:6      | Found a glowing silver altar of Zin.
  6808 | D:6      | Reached skill level 5 in Fighting
  7242 | D:6      | Noticed a red ugly thing
  7252 | D:6      | HP: 3/68 [red ugly thing (15)]
  7252 | D:6      | Mangled by a red ugly thing

Action                   |  1- 3 |  4- 6 |  7- 9 || total
-------------------------+-------+-------+-------++-------
Melee: Long sword        |   119 |   184 |   162 ||   465
       Hunting sling     |     6 |       |       ||     6
       Scimitar          |       |       |    38 ||    38
 Fire: Hunting sling     |    22 |    64 |       ||    86
Throw: Stone             |    22 |    90 |    55 ||   167
       Tomahawk          |       |       |    22 ||    22
 Abil: Breathe Fire      |       |       |    22 ||    22
  Use: Scroll            |     4 |     3 |     1 ||     8
       Potion            |       |     7 |     1 ||     8
 Stab: Sleeping          |       |     1 |     1 ||     2
  Eat: Chunk             |     3 |     8 |     9 ||    20
       Pizza             |       |     1 |       ||     1
       Beef jerky        |       |     1 |     1 ||     2
